 Dungeon Crawl Stone Soup version 0.18.1-50-g88ac8fd (webtiles) character file.

88 jerryfan the Conjurer (level 4, -2/34 HPs)
             Began as a Draconian Conjurer on Oct 1, 2016.
             Slain by an orc wizard
             ... wielding a +0 dagger
              (4 damage)
             ... on level 4 of the Dungeon.
             The game lasted 00:17:19 (2233 turns).

jerryfan the Conjurer (Draconian Conjurer)          Turns: 2233, Time: 00:17:20

Health: -2/34      AC:  6    Str: 10    XL:     4   Next: 30%
Magic:  5/7        EV:  9    Int: 16    God:
Gold:   127        SH:  0    Dex: 12    Spells: 2 memorised, 4 levels left

rFire  . . .     SeeInvis .     u - +0 short sword
rCold  . . .     Gourm    .     (armour unavailable)
rNeg   . . .     Faith    .     (no shield)
rPois  .         Spirit   .     (helmet restricted)
rElec  .         Dismiss  .     (no cloak)
rCorr  .         Reflect  .     m - +0 pair of gloves
SustAt .         Harm     .     (no boots)
MR     .....                    (no amulet)
Stlth  ++........               (no ring)
                                p - +2 ring of evasion

@: not resistant to hostile enchantments, unstealthy
A: unfitting armour, cold-blooded, AC +5
a: no special abilities


You were on level 4 of the Dungeon.
You were not hungry.

You visited 1 branch of the dungeon, and saw 4 of its levels.

You collected 127 gold pieces.

Inventory:

Hand Weapons
 j - a +0 blowgun
 u - a +0 short sword (weapon)
Missiles
 e - 41 stones (quivered)
 i - 35 sling bullets
 o - 12 poisoned needles
Armour
 m - a +0 pair of gloves (worn)
Jewellery
 p - a +2 ring of evasion (left hand)
 t - an uncursed ring of magical power {unknown}
Scrolls
 d - a scroll of magic mapping {unknown}
 f - a scroll of blinking {unknown}
 g - a scroll of noise {unknown}
 h - a scroll of immolation {unknown}
 k - a scroll of remove curse
 l - a scroll of fear
 q - a scroll of identify
Potions
 n - a potion of flight
Books
 a - a book of Conjurations

   Spells                             Type                      Level
   a - Magic Dart                     Conjuration                  1
   b - Searing Ray                    Conjuration                  2
   c - Dazzling Spray                 Conjuration/Hexes            3
   d - Fulminant Prism                Conjuration/Hexes            4
   e - Iskenderun's Mystic Blast      Conjuration                  4
   f - Iskenderun's Battlesphere      Conjuration/Charms           5
Comestibles
 b - 3 bread rations
 c - a beef jerky
 r - a meat ration
 s - 4 chunks of flesh


   Skills:
 + Level 0.7 Fighting
 + Level 0.2 Short Blades
 + Level 0.3 Throwing
 + Level 2.6 Dodging
 + Level 2.2 Stealth
 + Level 0.2 Unarmed Combat
 + Level 2.3 Spellcasting
 + Level 4.7 Conjurations


You had 4 spell levels left.
You knew the following spells:

 Your Spells              Type           Power        Failure   Level  Hunger
a - Magic Dart            Conj           ###.         3%          1    #......
b - Searing Ray           Conj           ###...       6%          2    ###....


Dungeon Overview and Level Annotations

Branches:
Dungeon (4/15)
 Temple: D:4-7

Altars:
Kikubaaqudgha

Annotations:
D:3 jerryfan's ghost, amateur DrCj


Innate Abilities, Weirdness & Mutations

Your plain brown scales are hard (AC +5).
Your body does not fit into most forms of armour.
You are cold-blooded and may be slowed by cold attacks.


Message History

* * * LOW HITPOINT WARNING * * *
You hit something. Something hits you.
* * * LOW HITPOINT WARNING * * *
Something hits you but does no damage. Something hits you but does no damage.
Found a stone staircase leading down.
Something hits you but does no damage.
You see here a pearl ring.
t - a pearl ring Something hits you but does no damage.
Something hits you.
* * * LOW HITPOINT WARNING * * *
Something hits you but does no damage. x2
Found a leather armour.
There is a stone staircase leading down here.
Something hits you.
* * * LOW HITPOINT WARNING * * *
You climb downwards.
There is a stone staircase leading up here.
Something hits you.
You die...

...
.##..
......
.#.#..
....#
...
#.##
#.@#
#..#
#..#
#...
##..
....
...#
....


There were no monsters in sight!

Vanquished Creatures
  3 adders (D:2)
  A worm (D:2)
  A dart slug (D:2)
  2 giant geckos
  3 orcs (D:3)
  9 bats
  3 giant cockroaches
  4 goblins (D:1)
  3 hobgoblins
  4 jackals (D:1)
  5 giant newts
  8 kobolds
  5 rats
51 creatures vanquished.

Notes
Turn   | Place    | Note
--------------------------------------------------------------
     0 | D:1      | jerryfan the Draconian Conjurer began the quest for the Orb.
     0 | D:1      | Reached XP level 1. HP: 14/14 MP: 3/3
   291 | D:1      | Reached XP level 2. HP: 20/20 MP: 1/5
   695 | D:1      | Learned a level 2 spell: Searing Ray
   721 | D:1      | Reached XP level 3. HP: 16/26 MP: 2/6
  1465 | D:2      | Reached XP level 4. HP: 15/33 MP: 2/7
  1628 | D:2      | Found an ancient bone altar of Kikubaaqudgha.
  2087 | D:3      | Noticed jerryfan's ghost (amateur DrCj)
  2233 | D:4      | Slain by an orc wizard

Skill      XL: |  1  2 |
---------------+-------+-----
Stealth        | 2 |  2.2
Dodging        | 2 |  2.6
Fighting       | |  0.7
Short Blades   | |  0.2
Throwing       | |  0.3
Unarmed Combat | |  0.2
Spellcasting   | |  2.3
Conjurations   | |  4.7

Action                   |  1- 3 |  4- 6 || total
-------------------------+-------+-------++-------
Melee: Unarmed           |    21 |       ||    21
       Tailslap          |     4 |     2 ||     6
       Club              |    23 |       ||    23
       Short sword       |    23 |    18 ||    41
Throw: Stone             |     5 |       ||     5
 Cast: Magic Dart        |    48 |    32 ||    80
       Searing Ray       |     5 |     1 ||     6
  Use: Potion            |     2 |     1 ||     3
       Scroll            |     1 |     2 ||     3
  Eat: Chunk             |     3 |     3 ||     6
Armor: Skin              |    33 |    14 ||    47
Dodge: Dodged            |    63 |    22 ||    85
